Unix NetHack Version 5.0.0-0 post-release - last build May  4 2026 22:22:43 (774f63e81ad911689b3a0859ea89b322d5daca8d,branch:main).

Game began 2026-05-09 16:58:15, ended 2026-05-09 17:10:44.

DiePARTEI, neutral male gnomish Archeologist

            ------      #####
            |....|      #...#                                   ------
            |.....######....#                                 0@0....|
            |..<.| ######...#                                   |{...|
            |.....## #   .....                                  |....|
            |....|      {..{...#                                |....|
           #.....|      ........                                |....|
           #------      #...####                                |....|
                        #....                                   ------
                        #..{#
                        #####

DiePARTEI the Field Worker  St:11 Dx:9 Co:12 In:18 Wi:15 Ch:13  Neutral
Dlvl:4  $:33 HP:0(25) Pw:10(10) AC:9  Xp:3 T:1341 

Latest messages:
 You are surrounded by a shimmering light.
 The cave spider starts to attack you, but pulls back.
 The cave spider starts to attack you, but pulls back.
 The cave spider starts to attack you, but pulls back.
 The cave spider starts to attack you, but pulls back.
 The cave spider starts to attack you, but pulls back.
 The cave spider starts to attack you, but pulls back.
 You finish your prayer.
 You feel that Camaxtli is pleased.
 You feel much better.
 You are bare handed.
 e - a +0 pick-axe (alternate weapon; not wielded).
 The cave spider bites!
 The cave spider bites!
 You begin bashing monsters with your bare hands.
 You hit the cave spider.
 The cave spider bites!
 The cave spider bites!
 You miss the cave spider.
 The cave spider bites!
 The cave spider bites!
 You miss the cave spider.
 The cave spider bites!
 The cave spider bites!
 You miss the cave spider.
 The cave spider bites!
 The cave spider bites!
 You miss the cave spider.
 The cave spider bites!
 The cave spider bites!
 What do you want to write with? [- gxN or ?*] -
 You write in the dust with your fingertip.
 What do you want to write in the dust here? Elbereth
 The cave spider bites!
 The cave spider just misses!
 What do you want to read? [kprHJK or ?*] p
 As you read the scroll, it disappears.
 The rock cavern rumbles above you!
 The cave spider is hit by a boulder!
 You kill the cave spider!
 The cave spider is hit by a boulder!
 You kill the cave spider!
 You are hit by a boulder!
 Your fedora does not protect you.
 You die...
 Do you want your possessions identified? [ynq] (y) y
 Do you want to see your attributes? [ynq] (y) y
 Do you want an account of creatures vanquished? [ynaq] (y) y
 Do you want to see your conduct and achievements? [ynq] (y) y
 Do you want to see the dungeon overview? [ynq] (y) y

Inventory:
 Coins    ('$')
  $ - 33 gold pieces
 Weapons  (')')
  N - 10 +0 crossbow bolts
 Armor    ('[')
  c - an uncursed +0 fedora (being worn)
  L - a cursed +0 alchemy smock with text "Don't make me poison you"
  b - an uncursed +0 leather jacket (being worn)
 Scrolls  ('?')
  r - an uncursed scroll of create monster
  k - an uncursed scroll of enchant armor
  J - an uncursed scroll of enchant armor
  K - an uncursed scroll of identify
  H - an uncursed scroll of remove curse
 Potions  ('!')
  E - a blessed potion of sickness
 Wands    ('/')
  x - a wand of probing (0:2)
 Tools    ('(')
  s - an uncursed sack containing 1 item
  i - an uncursed oil lamp
  e - a +0 pick-axe (alternate weapon; not wielded)
  f - a tinning kit (0:79)
 Gems/Stones  ('*')
  g - an uncursed touchstone

Contents of the sack:
  398 gold pieces

DiePARTEI the Archeologist's attributes:

Background:
 You were a Field Worker, a level 3 male gnomish Archeologist.
 You were neutral, on a mission for Camaxtli
 who was opposed by Quetzalcoatl (lawful) and Huhetotl (chaotic).
 You were right-handed.
 You were in the Dungeons of Doom, on level 4.
 You entered the dungeon 1341 turns ago.
 You had 47 experience points, 33 more were needed to attain level 4.

Basics:
 You had 0 out of 25 hit points.
 You had all 10 energy points (spell power).
 Your armor class was 9.
 Your wallet contained 33 zorkmids, and
 you had 398 more stashed away in your pack.
 Autopickup was off.

Final Characteristics:
 Your strength was 11 (limit:18/50).
 Your dexterity was 9 (limit:18).
 Your constitution was 12 (limit:18).
 Your intelligence was 18 (limit:19).
 Your wisdom was 15 (limit:18).
 Your charisma was 13 (limit:18).

Final Status:
 You weren't hungry.
 You were unencumbered.
 You were bare handed.
 You were unskilled in bare handed combat.

Final Attributes:
 You were fervently aligned.
 You had automatic searching.
 You had infravision.
 You were lucky.
 You are dead.

Miscellaneous:
 You didn't encounter any bones levels.
 Total elapsed playing time was 12 minutes and 29 seconds.

Major events:
 Turn
    1: DiePARTEI the neutral male gnomish Archeologist entered the dungeon
  936: attained the rank of Field Worker (level 3)
 1341: killed by a scroll of earth

Spells:
 Name                 Level Category     Fail Retention
 light                  1   divination     0%  76%-100%

Skills:
 Fighting Skills
   bare handed combat [Unskilled]
   two weapon combat  [Unskilled]
   riding             [Unskilled]
 Weapon Skills
   dagger             [Unskilled]
   knife              [Unskilled]
   pick-axe           [Basic]
   short sword        [Unskilled]
   saber              [Unskilled]
   club               [Unskilled]
   quarterstaff       [Unskilled]
   sling              [Unskilled]
   dart               [Unskilled]
   boomerang          [Unskilled]
   whip               [Basic]
   unicorn horn       [Unskilled]
 Spellcasting Skills
   attack spells      [Unskilled]
   healing spells     [Unskilled]
   divination spells  [Unskilled]
   matter spells      [Unskilled]

Voluntary challenges:
 Character rerolling was not enabled.
 You never genocided any monsters.
 You never polymorphed an object.
 You never changed form.
 You used no wishes.
Achievements:
 You entered a shop.
 You attained the rank of Field Worker.

 The Dungeons of Doom: levels 1 to 4
    Level 1:
       Some fountains.
    Level 2:
       A general store.
    Level 3:
       A scroll shop.
    Level 4: <- You were here.
       Many fountains, many trees.
       Final resting place for
          you, killed by a scroll of earth.


Vanquished creatures:
  a shrieker
  2 cave spiders
  a gecko
  2 jackals
  a fox
  a kobold
  4 grid bugs
  2 bats
  a kobold zombie
  4 newts
19 creatures vanquished.

No species were genocided or became extinct.

Game over:
                       ----------
                      /          \
                     /    REST    \
                    /      IN      \
                   /     PEACE      \
                  /                  \
                  |    DiePARTEI     |
                  |      431 Au      |
                  |   killed by a    |
                  | scroll of earth  |
                  |                  |
                  |                  |
                  |       2026       |
                 *|     *  *  *      | *
        _________)/\\_//(\/(/\)/\//\/|_)_______

Goodbye DiePARTEI the Archeologist...

You died in The Dungeons of Doom on dungeon level 4 with 726 points,
and 431 pieces of gold, after 1341 moves.
You were level 3 with a maximum of 25 hit points when you died.

